 Dungeon Crawl Stone Soup version 0.22.0-81-g402daae900 (webtiles) character file.

244 JedernureinKreuz the Conjurer (level 6, -5/44 HPs)
             Began as a Gnoll Conjurer on Sept 16, 2018.
             Killed from afar by an orc wizard (9 damage)
             ... with a magic dart
             ... on level 4 of the Dungeon.
             The game lasted 00:09:50 (2334 turns).

JedernureinKreuz the Conjurer (Gnoll Conjurer)      Turns: 2334, Time: 00:09:50

Health: -5/44      AC:  4    Str: 10    XL:     6   Next: 10%
Magic:  1/13       EV: 14    Int: 19    God:
Gold:   203        SH:  0    Dex: 16    Spells: 7/15 levels left

rFire    . . .     SeeInvis .   b - +3 dagger
rCold    . . .     Gourm    .   (no shield)
rNeg     . . .     Faith    .   m - +0 leather armour
rPois    .         Spirit   .   u - +1 hat
rElec    .         Reflect  .   (no cloak)
rCorr    .         Harm     .   (no gloves)
MR       .....                  (no boots)
Stlth    +++.......             (no amulet)
HPRegen  0.14/turn              (no ring)
MPRegen  0.13/turn              (no ring)

@: no status effects
A: distributed training, fangs 1, strong nose
a: no special abilities


You were on level 4 of the Dungeon.
You were hungry.

You visited 1 branch of the dungeon, and saw 4 of its levels.

You collected 203 gold pieces.

Inventory:

Hand Weapons
 a - a +2 flail of holy wrath
 b - a +3 dagger (weapon)
 d - a +0 whip
Missiles
 g - 20 sling bullets
 n - 7 tomahawks (quivered)
 x - 20 arrows
Armour
 f - a +0 helmet
 m - a +0 leather armour (worn)
 r - a +0 robe
 s - a +0 helmet
 u - a +1 hat (worn)
 B - a +0 leather armour
Jewellery
 o - an uncursed amulet of guardian spirit {unknown}
 E - an uncursed amulet of the acrobat {unknown}
Wands
 D - a wand of disintegration (17)
Scrolls
 e - a scroll of fog {unknown}
 i - 5 scrolls of identify {unknown}
 j - 3 scrolls of teleportation {unknown}
 l - a scroll of blinking {unknown}
 q - 3 scrolls of remove curse {unknown}
 y - a scroll of enchant weapon {unknown}
 C - 3 scrolls of enchant armour {unknown}
Potions
 h - a potion of curing {unknown}
 k - a potion of invisibility {unknown}
 p - a potion of flight {unknown}
 t - a potion of ambrosia {unknown}
 v - a potion of degeneration {unknown}
 z - a potion of heal wounds {unknown}
 A - a potion of resistance {unknown}
Comestibles
 c - 11 rations
 w - 3 chunks of flesh


   Skills:
 + Level 1.7 Fighting
 + Level 1.7 Short Blades
 + Level 1.7 Long Blades
 + Level 1.7 Axes
 + Level 1.7 Maces & Flails
 + Level 1.7 Polearms
 + Level 1.7 Staves
 + Level 1.7 Slings
 + Level 1.7 Bows
 + Level 1.7 Crossbows
 + Level 1.7 Throwing
 + Level 1.7 Armour
 + Level 4.9 Dodging
 + Level 4.5 Stealth
 + Level 1.7 Shields
 + Level 1.7 Unarmed Combat
 + Level 5.3 Spellcasting
 + Level 7.2 Conjurations
 + Level 1.3 Hexes
 + Level 1.3 Charms
 + Level 1.3 Summonings
 + Level 1.3 Necromancy
 + Level 1.3 Translocations
 + Level 1.3 Transmutations
 + Level 1.3 Fire Magic
 + Level 1.3 Ice Magic
 + Level 1.3 Air Magic
 + Level 1.3 Earth Magic
 + Level 1.3 Poison Magic
 + Level 2.0 Invocations
 + Level 1.7 Evocations


You had 7 spell levels left.
You knew the following spells:

 Your Spells              Type           Power        Failure   Level  Hunger
a - Magic Dart            Conj           ####         1%          1    None
b - Iskenderun's Mystic   Conj           ####....     8%          4    ####...
c - Dazzling Spray        Conj/Hex       ###...       9%          3    ##.....

Your spell library contained the following spells:

 Spells                   Type           Power        Failure   Level  Hunger
 Searing Ray              Conj           ####..       1%          2    None
 Force Lance              Conj/Tloc      ###.....     26%         4    ####...
 Fulminant Prism          Conj/Hex       ###.......   26%         4    ####...


Dungeon Overview and Level Annotations

Branches:
Dungeon (4/15)
 Temple: D:4-7

Altars:
Makhleb
Okawaru
Uskayaw
Vehumet


Innate Abilities, Weirdness & Mutations

Your experience applies equally to all skills.
You have very sharp teeth.
Your uncanny sense of smell can sniff out nearby items.


Message History

You don't have enough magic to cast that spell.
Unknown command.
The orc wizard points at you and mumbles some strange words.
The puff of flame hits you!
You hit the orc wizard but do no damage.
You bite the orc wizard, but do no damage.
The orc wizard hits you with a dagger.
You hit the orc wizard but do no damage.
The orc wizard casts a cantrip, but nothing happens.
The orc wizard points at you and mumbles some strange words.
The magic dart hits you!
* * * LOW HITPOINT WARNING * * *
The orc wizard mumbles some strange words.
The orc wizard seems to speed up.
The orc wizard points at you and mumbles some strange words.
The puff of frost hits you!
* * * LOW HITPOINT WARNING * * *
The orc wizard points at you and mumbles some strange words.
The magic dart hits you!
You die...

... #..... ..# ...
#....# .. #.. #...#
#.### #..# #...### ..##
#). ##.....### #...
#..## #........####...
#.oo###............รท..
#....#.......###......
#..#.@....#### ####..(
....#####.### #...
###.# #.# #... #. #..
#... # #... #... .....
#..#. .###.. #..#### #
#.. ...# # #..... #


You could see 2 orc wizards.

Vanquished Creatures
  An ogre (D:4)
  An orc wizard (D:4)
  Terence (D:3)
  Robin (D:2)
  An adder zombie (D:2)
  A worm (D:4)
  2 dart slugs (D:2)
  4 leopard geckos
  6 orcs
  A ball python (D:2)
  3 giant cockroaches
  11 goblins
  10 hobgoblins
  3 jackals (D:3)
  4 quokkas
  5 bats
  2 frilled lizards (D:3)
  A jackal skeleton (D:4)
  6 kobolds
  9 rats
73 creatures vanquished.

Notes
Turn   | Place    | Note
-------+----------+-------------------------------------------
     0 | D:1      | JedernureinKreuz the Gnoll Conjurer began the quest for the
                  | Orb.
     0 | D:1      | Reached XP level 1. HP: 13/13 MP: 6/6
   195 | D:1      | Reached XP level 2. HP: 19/19 MP: 3/7
   722 | D:2      | Reached XP level 3. HP: 23/25 MP: 6/9
   737 | D:2      | Reached skill level 5 in Spellcasting
   800 | D:2      | Noticed Robin
   825 | D:2      | Killed Robin
   825 | D:2      | Reached skill level 1 in Invocations
  1146 | D:2      | Reached skill level 1 in Fighting
  1146 | D:2      | Reached skill level 1 in Short Blades
  1146 | D:2      | Reached skill level 1 in Long Blades
  1146 | D:2      | Reached skill level 1 in Axes
  1146 | D:2      | Reached skill level 1 in Maces & Flails
  1146 | D:2      | Reached skill level 1 in Polearms
  1146 | D:2      | Reached skill level 1 in Staves
  1146 | D:2      | Reached skill level 1 in Slings
  1146 | D:2      | Reached skill level 1 in Bows
  1146 | D:2      | Reached skill level 1 in Crossbows
  1146 | D:2      | Reached skill level 1 in Throwing
  1146 | D:2      | Reached skill level 1 in Armour
  1146 | D:2      | Reached skill level 1 in Shields
  1146 | D:2      | Reached skill level 1 in Unarmed Combat
  1146 | D:2      | Reached skill level 1 in Evocations
  1219 | D:2      | Reached XP level 4. HP: 32/32 MP: 9/11
  1325 | D:2      | Found a radiant altar of Vehumet.
  1340 | D:2      | Found a burning altar of Makhleb.
  1348 | D:2      | Found a hide-covered altar of Uskayaw.
  1359 | D:2      | Found an iron altar of Okawaru.
  1693 | D:3      | Noticed Terence
  1718 | D:3      | Killed Terence
  1747 | D:3      | Reached skill level 1 in Hexes
  1747 | D:3      | Reached skill level 1 in Charms
  1747 | D:3      | Reached skill level 1 in Summonings
  1747 | D:3      | Reached skill level 1 in Necromancy
  1747 | D:3      | Reached skill level 1 in Translocations
  1747 | D:3      | Reached skill level 1 in Transmutations
  1747 | D:3      | Reached skill level 1 in Fire Magic
  1747 | D:3      | Reached skill level 1 in Ice Magic
  1747 | D:3      | Reached skill level 1 in Air Magic
  1747 | D:3      | Reached skill level 1 in Earth Magic
  1747 | D:3      | Reached skill level 1 in Poison Magic
  2027 | D:3      | Reached XP level 5. HP: 27/37 MP: 9/12
  2265 | D:4      | Noticed an ogre
  2269 | D:4      | Killed an ogre
  2287 | D:4      | Learned a level 4 spell: Iskenderun's Mystic Blast
  2291 | D:4      | Learned a level 3 spell: Dazzling Spray
  2328 | D:4      | Reached XP level 6. HP: 30/44 MP: 4/13
  2334 | D:4      | Killed from afar by an orc wizard

Skill      XL: |  1  2  3  4  5 |
---------------+----------------+-----
Spellcasting   | 5 |  5.3
Invocations    | 1 2 |  2.0
Fighting       | 1 |  1.7
Short Blades   | 1 |  1.7
Long Blades    | 1 |  1.7
Axes           | 1 |  1.7
Maces & Flails | 1 |  1.7
Polearms       | 1 |  1.7
Staves         | 1 |  1.7
Slings         | 1 |  1.7
Bows           | 1 |  1.7
Crossbows      | 1 |  1.7
Throwing       | 1 |  1.7
Armour         | 1 |  1.7
Shields        | 1 |  1.7
Unarmed Combat | 1 |  1.7
Evocations     | 1 |  1.7
Hexes          | 1 |  1.3
Charms         | 1 |  1.3
Summonings     | 1 |  1.3
Necromancy     | 1 |  1.3
Translocations | 1 |  1.3
Transmutations | 1 |  1.3
Fire Magic     | 1 |  1.3
Ice Magic      | 1 |  1.3
Air Magic      | 1 |  1.3
Earth Magic    | 1 |  1.3
Poison Magic   | 1 |  1.3
Dodging        | |  4.9
Stealth        | |  4.5
Conjurations   | |  7.2

Action                   |  1- 3 |  4- 6 || total
-------------------------+-------+-------++-------
Melee: Dagger            |    29 |    48 ||    77
       Flail             |       |     5 ||     5
       Bite              |       |     5 ||     5
       Punch             |       |     1 ||     1
Throw: Tomahawk          |     2 |       ||     2
 Cast: Magic Dart        |    38 |    42 ||    80
       Iskenderun's Myst |       |     3 ||     3
 Stab: Sleeping          |     6 |     3 ||     9
       Distracted        |       |     1 ||     1
  Eat: Chunk             |     1 |     3 ||     4
Armor: Robe              |     2 |       ||     2
       Leather armour    |     4 |     6 ||    10
Dodge: Dodged            |    20 |    35 ||    55
